AoeStats
← robby

Arena

505208509Analyzed
1v1 RM · 25d ago on Sep 8, 2026· 55m 9s· 2 players
Game mode
Random Map
Map size
Tiny (2 player)
Population
200
Speed
Normal
Resources
Standard
Victory
Conquest
Starting age
Dark Age
Ending age
Imperial Age
RankedLock teamsTeams togetherTeam positionsShared explorationLock speedFull tech treeHidden civsTurbo modeCheats
Victory
Defeat
🇧🇬 Mongols · Bulgaria
997
+16
🇯🇵 Japanese · Japan
1000
-48
KodT
0:58 Loom
11:02 Feudal Age
15:09 Castle Age
13:15 Horse Collar
13:47 Double-Bit Axe
16:24 Wheelbarrow
17:02 Bow Saw
19:56 Fletching
23:27 Heavy Plow
26:02 Hand Cart
25:57 Gold Mining
25:59 Stone Mining
28:51 Nomads
31:51 Imperial Age
29:58 Ballistics
30:22 Stone Shaft Mining
30:56 Gold Shaft Mining
31:10 Bodkin Arrow
31:32 Nomads
31:42 Padded Archer Armor
32:16 Town Watch
32:35 Bracer
32:51 Leather Archer Armor
33:41 Chemistry
34:45 Husbandry
34:57 Bloodlines
35:14 Conscription
35:57 Light Cavalry
36:49 Forging
36:45 Scale Barding Armor
36:42 Scale Mail Armor
38:31 Parthian Tactics
37:53 Man-at-Arms
39:38 Iron Casting
38:41 Long Swordsman
39:15 Two-Handed Swordsman
40:53 Squires
41:17 Hussar
42:30 Elite Mangudai
43:51 Hoardings
43:56 Champion
44:25 Arson
45:26 Chain Mail Armor
49:40 Plate Mail Armor
50:11 Blast Furnace
robby
10:55 Feudal Age
11:39 Double-Bit Axe
15:05 Wheelbarrow
14:15 Horse Collar
19:53 Castle Age
19:45 Scale Mail Armor
19:57 Forging
20:47 Bow Saw
21:07 Gold Mining
21:51 Chain Mail Armor
25:06 Hand Cart
32:36 Imperial Age
32:52 Elite Samurai
40:23 Plate Mail Armor
40:29 Iron Casting
43:39 Loom
43:59 Heavy Plow
45:04 Two-Man Saw
44:02 Stone Mining
44:48 Gold Shaft Mining
45:28 Kataparuto
Connection lost

Rejoining the realm…

Still unreachable

The connection could not be restored.

Session expired

The server has moved on; the page needs a fresh start.